 Dungeon Crawl Stone Soup version 0.29.1-2-gbd0b4ee654 (webtiles) character file.

Game seed: 11724099775538925703

7 qeuew the Vexing (level 1, -3/11 HPs)
             Began as a Deep Elf Arcane Marksman on Nov 4, 2022.
             Killed from afar by a dart slug (4 damage)
             ... with a slug dart
             ... on level 1 of the Dungeon.
             The game lasted 00:00:49 (108 turns).

qeuew the Vexing (Deep Elf Arcane Marksman)          Turns: 108, Time: 00:00:50

Health: -3/11      AC:  2    Str:  7    XL:     1   Next: 83%
Magic:  3/5        EV: 12    Int: 17    God:
Gold:   8          SH:  0    Dex: 15    Spells: 2/3 levels left

rFire   . . .      SeeInvis .   a - +1 sling
rCold   . . .      Faith    .   (no shield)
rNeg    . . .      Spirit   .   c - +0 robe
rPois   .          Reflect  .   (no helmet)
rElec   .          Harm     .   (no cloak)
rCorr   .          Rampage  .   (no gloves)
Will    .....                   (no boots)
Stlth   +.........              (no amulet)
HPRegen 0.03/turn               (no ring)
MPRegen 0.09/turn               (no ring)

@: no status effects
A: no striking features
a: no special abilities


You were on level 1 of the Dungeon.
You visited 1 branch of the dungeon, and saw 1 of its levels.

You collected 8 gold pieces.

Inventory:

Hand Weapons
 a - a +1 sling (weapon)
 d - a +0 dagger of venom
Armour
 c - a +0 robe (worn)
Scrolls
 b - a scroll of poison
Potions
 e - a potion of attraction {unknown}
 f - 2 potions of flight {unknown}


   Skills:
 - Level 0.7 Fighting
 * Level 2.9 Ranged Weapons
 * Level 0.1 Armour
 * Level 2.6 Dodging
 * Level 1.7 Spellcasting
 + Level 4.2 Hexes


You had 2 spell levels left.
You knew the following spells:

 Your Spells              Type           Power      Damage    Failure   Level
a - Slow                  Hex            60%        N/A       3%          1

Your spell library contained the following spells:

 Spells                   Type           Power      Damage    Failure   Level
 Inner Flame              Hex/Fire       8%         N/A       26%         3
 Portal Projectile        Hex/Tloc       16%        N/A       26%         3
 Cause Fear               Hex            7%         N/A       34%         4


Dungeon Overview and Level Annotations

Branches:
Dungeon (1/15)

Altars:


Message History

A dart slug comes into view.
Found 5 stones.
The dart slug launches a dart at you. The slug dart hits you.
You shoot a sling bullet.
The sling bullet hits the dart slug but does no damage.
The dart slug launches a dart at you. The slug dart hits you.
You are too injured to fight recklessly!
You are too injured to fight recklessly!
You are too injured to fight recklessly!
You are too injured to fight recklessly!
You are too injured to fight recklessly!
You are too injured to fight recklessly!
Aiming: Slow (safe; 3% risk of failure)
Press: ? - help, Q - select action, (/) - cycle Shift-Dir - straight line, f/p - dart slug
Aim: a dart slug (chance to affect: 71%)
The dart slug seems to slow down.
Aiming: Slow (safe; 3% risk of failure)
Press: ? - help, Q - select action, (/) - cycle Shift-Dir - straight line, f/p - dart slug
Aim: a dart slug (slow, chance to affect: 71%)
The dart slug seems to slow down.
The dart slug launches a dart at you. The slug dart hits you.
* * * LOW HITPOINT WARNING * * *
You are too injured to fight recklessly!
You are too injured to fight recklessly!
Fire: a) +1 sling
Press: ? - help, Q - select action, (/) - cycle Shift-Dir - straight line, f/p - dart slug
Aim: a dart slug (slow, 93% to hit)
You shoot a sling bullet. The sling bullet hits the dart slug.
The dart slug is heavily wounded.
Fire: a) +1 sling
Press: ? - help, Q - select action, (/) - cycle Shift-Dir - straight line, f/p - dart slug
Aim: a dart slug (heavily wounded, slow, 93% to hit)
You shoot a sling bullet. The sling bullet hits the dart slug.
The dart slug is heavily wounded.
The dart slug launches a dart at you. The slug dart hits you.
You die...

...........#
...........###
.............#
..........##.###
..........##...#
..........####.#
..........# #.##
# ..........#
#.(## ..+
###...#####
##)@##..(w#
#...# ##....w...
#...# ##.......
....... .......
....... .......
...?... ##.....


You could see a dart slug (slow).

Vanquished Creatures
  A dart slug (D:1)
  An endoplasm (D:1)
  A hobgoblin (D:1)
  A kobold (D:1)
4 creatures vanquished.

Notes
Turn   | Place    | Note
-------+----------+-------------------------------------------
     0 | D:1      | qeuew the Deep Elf Arcane Marksman began the quest for the
                  | Orb.
     0 | D:1      | Reached XP level 1. HP: 11/11 MP: 5/5
   108 | D:1      | Killed from afar by a dart slug

Illustrated notes

Levels and vault maps discovered:
D:1:      wander_arrival_abandoned_jail, layout_basic

Action                   || total
-------------------------++-------
 Fire: Sling             ||    11
 Cast: Slow              ||     4
Armor: Robe              ||     1
Dodge: Dodged            ||     1
